 Dungeon Crawl Stone Soup version 0.28-a0-533-g9f97627e2a (webtiles) character file.

Game seed: 10494049249002984077

32 Drevant2 the Chiller (level 2, 0/20 HPs)
             Began as a Demigod Ice Elementalist on Sept 25, 2021.
             Slain by a goblin (6 damage)
             ... led by Robin
             ... on level 2 of the Dungeon.
             The game lasted 00:03:14 (1426 turns).

Drevant2 the Chiller (Demigod Ice Elementalist)     Turns: 1426, Time: 00:03:14

Health: 0/20       AC:  2    Str:  9    XL:     2   Next: 96%
Magic:  4/7        EV: 12    Int: 17    God:
Gold:   33         SH:  0    Dex: 14    Spells: 4/5 levels left

rFire   . . .      SeeInvis .   d - +0 short sword
rCold   . . .      Faith    .   (no shield)
rNeg    . . .      Spirit   .   a - +0 robe
rPois   .          Reflect  .   (no helmet)
rElec   .          Harm     .   (no cloak)
rCorr   .          Rampage  .   (no gloves)
Will    .....                   (no boots)
Stlth   ++........              (no amulet)
HPRegen 0.06/turn               (no ring)
MPRegen 0.10/turn               (no ring)

@: no status effects
A: high mp 1, forlorn
a: no special abilities


You were on level 2 of the Dungeon.
You visited 1 branch of the dungeon, and saw 2 of its levels.

You collected 33 gold pieces.

Inventory:

Hand Weapons
 d - a +0 short sword (weapon)
Armour
 a - a +0 robe (worn)
Scrolls
 b - a scroll of torment {unknown}
 c - a scroll of fog {unknown}
 e - a scroll of magic mapping {unknown}


   Skills:
 + Level 0.7 Short Blades
 - Level 1.7 Dodging
 - Level 1.7 Stealth
 - Level 2.0 Spellcasting
 * Level 4.3 Ice Magic


You had 4 spell levels left.
You knew the following spells:

 Your Spells              Type           Power      Damage    Failure   Level
a - Freeze                Ice            64%        1d8       3%          1

Your spell library contained the following spells:

 Spells                   Type           Power      Damage    Failure   Level
 Frozen Ramparts          Ice            32%        1d5       10%         3
 Ozocubu's Armour         Ice            16%        N/A       10%         3
 Hailstorm                Conj/Ice       9%         3d4       61%         4


Dungeon Overview and Level Annotations

Branches:
Dungeon (2/15)

Annotations:
D:2 Robin


Innate Abilities, Weirdness & Mutations

Your attributes grow dramatically as you level up.
You have an increased reservoir of magic. (+10% MP)
You shall have no god before yourself.


Message History

You kill the hobgoblin!
You start resting.
A hobgoblin comes into view.
A hobgoblin is nearby!
Robin of the Strong Arm comes into view.
They are wielding a +0 club and carrying a wand of flame (14).
Robin shouts!
You hear a shout!
Robin roars a battlecry!
The hobgoblin goes into a battle-frenzy!
You see here a +0 dagger.
You see here a +0 dagger.
Robin zaps a wand.
The puff of flame hits you!
Casting: Freeze (safe; 3% risk of failure)
Confirm with . or Enter, or press ? or * to list all spells.
Aiming: Freeze (safe; 3% risk of failure)
Press: ? - help, Shift-Dir - straight line, f - hobgoblin
Aim: a hobgoblin (strong)
You freeze the hobgoblin.
You kill the hobgoblin!
A goblin comes into view. It is wielding a +0 club.
Casting: Freeze (safe; 3% risk of failure)
Confirm with . or Enter, or press ? or * to list all spells.
Aiming: Freeze (safe; 3% risk of failure)
Press: ? - help, Shift-Dir - straight line, f - Robin
Aim: Robin, wielding a +0 club, wearing a +0 animal skin, wearing a +0 helmet and carrying a wand of flame (13)
You freeze Robin.
Robin is lightly wounded.
Robin closely misses you.
A goblin comes into view. It is wielding a +0 dagger.
Casting: Freeze (safe; 3% risk of failure)
Confirm with . or Enter, or press ? or * to list all spells.
Aiming: Freeze (safe; 3% risk of failure)
Press: ? - help, Shift-Dir - straight line, f/p - Robin
Aim: Robin, wielding a +0 club, wearing a +0 animal skin, wearing a +0 helmet and carrying a wand of flame (13) (lightly wounded)
You freeze Robin!
Robin is severely wounded.
The goblin shouts!
Robin throws the goblin at you!
* * * LOW HITPOINT WARNING * * *
The goblin hits you with a +0 club.
You die...

##...## ##..
####.....##.# ..###P
#g....♣.....# ..# #_
....###...##### # #.#
#P ##. #...# #.#.# PP
#.>.# #######.#.#
#...# #.....# ..#
#...######.###.###.#
+...♣..g@g##.#.......#
##.....##..÷.#.#.###.#
#+ ##...######.....#
#.###. ##g## ..##.###
#...<. #'# ##. #.#
###### .. #. # # # ##
#. # #. # #. #


You could see Robin and 2 goblins.

Vanquished Creatures
  A worm (D:2)
  2 bats (D:1)
  3 endoplasms
  4 giant cockroaches (D:1)
  3 goblins
  4 hobgoblins
  2 kobolds
  A quokka (D:2)
  2 ball pythons (D:1)
  A frilled lizard (D:2)
  3 rats (D:1)
26 creatures vanquished.

Notes
Turn   | Place    | Note
-------+----------+-------------------------------------------
     0 | D:1      | Drevant2 the Demigod Ice Elementalist began the quest for
                  | the Orb.
     0 | D:1      | Reached XP level 1. HP: 14/14 MP: 5/5
   402 | D:1      | Reached skill level 4 in Ice Magic
   402 | D:1      | Reached XP level 2. HP: 20/20 MP: 5/7
  1417 | D:2      | Noticed Robin
  1426 | D:2      | Slain by a goblin

Illustrated notes

Levels and vault maps discovered:
D:1:      saegor_arrival_simple_c, layout_loops_ring,
          chequers_serial_rivers_micro_a, minmay_pentomino_r2
D:2:      layout_loops_ring, basic_altar, shapermc_ecumenical_altar_flowoftime,
          wad_floor_pattern_untrapped, st_stairs_9, minmay_misc_feat_iff,
          chequers_serial_rivers_room_a, grunt_ministairs_15,
          minmay_split_cup_large, uniq_robin

Skill      XL: |  1 |
---------------+----+-----
Spellcasting   | 2 |  2.0
Ice Magic      | 4 |  4.3
Short Blades   | |  0.7
Dodging        | |  1.7
Stealth        | |  1.7

Action                   || total
-------------------------++-------
Melee: Short sword       ||    40
 Cast: Freeze            ||    31
 Stab: Sleeping          ||     2
Armor: Robe              ||    12
Dodge: Dodged            ||    37

Table legend: (Time is in decaauts)
 A = Elapsed time spent in this place.
 B = Non-inter-level travel time spent in this place.
 C = Inter-level travel time spent in this place.
 D = Time resting spent in this place.
 E = Time spent auto-exploring this place.
 F = Levels seen in this place.
 G = Mean time per level.
                   A        B        C        D        E       F      G
               +--------+--------+--------+--------+--------+-----+--------+
         Total |   1430 |   1319 |    111 |    400 |    680 |   2 |  715.0 |
       Dungeon |   1430 |   1319 |    111 |    400 |    680 |   2 |  715.0 |
               +--------+--------+--------+--------+--------+-----+--------+

Top non-repeatable levels by time:
     D:1: 1041 daAuts
     D:2: 389 daAuts
